[Event "Late-Titled-Tuesday-Blitz-June-25-2024"]
[Site "Chess.com"]
[Date "2024.06.25"]
[Round "10"]
[White "Gabrielian_Artur"]
[Black "djano"]
[Result "1-0"]
[WhiteElo "2727"]
[BlackElo "2581"]
[TimeControl "180+1"]
[EndTime "15:56:23 PDT"]
[Termination "Gabrielian_Artur won by resignation"]

1. e4 c5 2. Nf3 g6 3. c4 Bg7 4. d4 Qa5+ 5. Nc3 Nc6 6. d5 Nd4 7.
Bd2 d6 8. Nxd4 cxd4 9. Nb5 Qb6 10. Qa4 Bd7 11. Ba5 Bxb5 12. cxb5 Qc5 13. Bd3 b6 14.
Bd2 Qc7 15. Rc1 Qd7 16. Rc6 Bh6 17. f4 Nf6 18. Rxb6 O-O 19. Rc6 e5 20. dxe6 fxe6 21. Qxd4 d5 22. O-O Rad8 23. e5 Ne8 24. Rfc1 Qf7 25. g3 Rd7 26. Bb4 g5 27. Bxf8 Bxf8 28. f5 exf5 29. e6 Qg7 30. Qxg7+ Rxg7 31. Bxf5 Bb4 32.
Rc8 Kf8 33. Kg2 Ba5 34. Rd1 Re7 35. Rxd5 Kg7 36. Rd7 Kf6 37. Rxe7 Kxe7 38. Bxh7 Nd6 39. Ra8 Bb6 40. Bd3 Kxe6 41. h4 gxh4 42. gxh4 Kf6 43. Kh3 Nf7 44. b4 Ne5 45. Be2 Ng6 46. Bf1 Nf4+ 47.
Kg4 Ng6 48. a4 Ne5+ 49. Kf4 Bc7 50. Ke4 Bb6 51. a5 Bf2 52. Kd5 Ng4 53. Kc6 Ne5+ 54. Kb7 Bxh4 55. Rxa7 Bf2 56. Ra8 Nf7 57. b6 Ke7 58. a6 Kd7 59. a7 Nd6+ 60. Ka6 Kc6 61. Bg2+ Kd7 62. Rg8 Bxb6 63. Kxb6 1-0

[Event "Late-Titled-Tuesday-Blitz-June-25-2024"]
[Site "Chess.com"]
[Date "2024.06.25"]
[Round "10"]
[White "Aswathchess"]
[Black "CM_rui"]
[Result "1-0"]
[WhiteElo "2759"]
[BlackElo "2571"]
[TimeControl "180+1"]
[EndTime "15:56:24 PDT"]
[Termination "Aswathchess won by resignation"]

1. c3 Nf6 2. d4 b6 3. Nf3 Bb7 4. Bf4 e6 5. Nbd2 d6 6. e3 Nbd7 7. Be2 Be7 8. O-O h6 9. Qc2 g5 10. Bg3 Rg8 11. Rfe1 h5 12. h3 h4 13. Bh2 g4 14. hxg4 Nxg4 15. e4 h3 16. Bg3 hxg2 17. Kxg2 Ndf6 18. Rh1 Qd7 19. a4 O-O-O 20. a5 Rh8 21.
Rxh8 Rxh8 22. axb6 axb6 23. Ba6 Bxa6 24. Rxa6 Kb7 25.
Ra1 Nh5 26. Qd3 Ra8 27. Rxa8 Kxa8 28. e5 Nxg3 29. fxg3 Qc6 30. exd6 Bxd6 31. Qe4 Qxe4 32. Nxe4 Ne3+ 33. Kf2 Nd1+ 34. Ke2 Nxb2 35. Nfg5 f5 36.
Nxd6 cxd6 37. Nxe6 Nc4 38. Ng7 Kb7 39. Nxf5 Kc6 40.
g4 Kd7 41. d5 Ke8 42. g5 Kf7 43. Kd3 b5 44. Nd4 Ne5+ 45. Ke4 Kg6 46. Nxb5 Nf7 47. Kf4 Nxg5 48. Nxd6 Nh7 49. Ke5 Nf6 50. c4 Nd7+ 51. Kd4 Kf6 52. c5 Ke7 53. Ne4 Nb8 54. c6 Na6 55.
Ke5 Nb4 56. Nc5 Kd8 57. Kd6 Kc8 58. Nd7 Na6 59. Nc5 Nc7 60. Ne6 Nb5+ 61. Ke7 Na7 62. Nd4 Kb8 63. d6 Nc8+ 64. Ke6 Nb6 65. d7 Kc7 66.
Nb5+ Kxc6 67. d8=Q Kxb5 68. Qc7 Ka6 69. Kd6 Kb5 70.
Qc5+ Ka6 71. Kc6 1-0

[Event "Late-Titled-Tuesday-Blitz-June-25-2024"]
[Site "Chess.com"]
[Date "2024.06.25"]
[Round "10"]
[White "Sic_Transit_GM"]
[Black "Cosi43"]
[Result "1-0"]
[WhiteElo "2559"]
[BlackElo "2689"]
[TimeControl "180+1"]
[EndTime "15:56:26 PDT"]
[Termination "Sic_Transit_GM won by resignation"]

1. e4 c5 2. Nc3 a6 3. Nge2 b5 4. d4 cxd4 5. Nxd4 Bb7 6. a3 Nf6 7. e5 Ne4 8. Nxe4 Bxe4 9. Qg4 Bb7 10. Bd3 g6 11. O-O Bg7 12. f4 e6 13. Be3 Nc6 14. Nf3 Ne7 15. Ng5 Rc8 16. Rad1 h6 17. Nf3 O-O 18.
Kh1 Nf5 19. Bxf5 exf5 20. Qg3 Rxc2 21. Bd4 Qa8 22. Ne1 Re2 23. Rf2 Rxf2 24. Qxf2 Rc8 25. Bc5 Bd5 26. b4 Bf8 27. Qd4 Bxc5 28. bxc5 Be6 29.
Nd3 a5 30. Rb1 Qe4 31. Qxe4 fxe4 32. Nf2 Rxc5 33. Nxe4 Rc2 34. Kg1 Bd5 35. Nf6+ Kg7 36. Nxd5 Ra2 37. Rxb5 Rxa3 38. Kf2 Ra2+ 39. Kf3 Ra3+ 40.
Ne3 h5 41. Rb7 Rd3 42. Ra7 Ra3 43. Rxd7 Kf8 44. Ra7 a4 45. Ke4 Ra2 46. h4 a3 47.
f5 gxf5+ 48. Nxf5 Kg8 49. Nh6+ Kg7 50. Nxf7 Rxg2 51. Ng5+ Kg6 52. Ra6+ Kg7 53. Kf5 Rf2+ 54. Ke6 a2 55. Ne4 Rh2 56. Nc3 Rxh4 57. Rxa2 Rf4 58. Rg2+ Kh6 59. Nd5 h4 60. Nxf4 h3 61. Nxh3 1-0

[Event "Late-Titled-Tuesday-Blitz-June-25-2024"]
[Site "Chess.com"]
[Date "2024.06.25"]
[Round "10"]
[White "IMRosen"]
[Black "yaguigor"]
[Result "0-1"]
[WhiteElo "2691"]
[BlackElo "2569"]
[TimeControl "180+1"]
[EndTime "15:56:28 PDT"]
[Termination "yaguigor won by resignation"]

1. e4 c5 2. Nc3 Nc6 3. Bb5 Nd4 4.
Nf3 e6 5. O-O a6 6. Bd3 Nc6 7.
b3 g6 8. Re1 d6 9. Bb2 Bg7 10.
Na4 e5 11. Bf1 Nge7 12. Nc3 O-O 13. Nd5 Nxd5 14. exd5 Ne7 15. c4 Nf5 16. g3 h5 17.
Bg2 h4 18. Qc2 Bh6 19. a3 b5 20. d3 Rb8 21. b4 cxb4 22. axb4 bxc4 23. dxc4 Rxb4 24.
c5 hxg3 25. hxg3 e4 26. Nh2 e3 27. Qc3 exf2+ 28. Kxf2 Rxb2+ 29. Qxb2 Bg7 30. Qb6 Bd4+ 31. Kf3 Bxa1 32. Qxd8 Rxd8 33. Rxa1 dxc5 34. Kf4 Bb7 35. Ng4 Kg7 36. Rb1 Bxd5 37. Rd1 Nd4 38. Bxd5 Rxd5 39. Ke4 Rd8 40. Ra1 f5+ 41. Kf4 fxg4 42. Rxa6 Nf5 43.
Kg5 Ne7 44. Ra7 Kf7 45. Rc7 Rd5+ 46. Kxg4 Ke6 47. Kf4 g5+ 48. Kg4 Kd6 49. Ra7 c4 50. Ra6+ Kc7 51. Ra3 Rc5 52. Kh5 c3 53. Ra1 c2 54.
Rc1 Nc6 55. g4 Nb4 56. Kh6 Nd3 57. Rf1 c1=Q 58. Rf7+ Kb6 59. Kg7 Rc7 60. Kg8 Rxf7 61. Kh8 Qf4 62. Kg8 Ra7 0-1

[Event "Late-Titled-Tuesday-Blitz-June-25-2024"]
[Site "Chess.com"]
[Date "2024.06.25"]
[Round "10"]
[White "DenLaz"]
[Black "vi_pranav"]
[Result "1-0"]
[WhiteElo "3144"]
[BlackElo "3057"]
[TimeControl "180+1"]
[EndTime "15:56:30 PDT"]
[Termination "DenLaz won on time"]

1. d4 Nf6 2. c4 e6 3. Nf3 b6 4.
g3 Ba6 5. b3 d5 6. Bg2 Bd6 7.
O-O O-O 8. cxd5 exd5 9. Nc3 Nbd7 10. Nh4 c6 11. a3 Re8 12. Re1 Bf8 13. Bf4 h6 14. Nf5 Re6 15. e4 dxe4 16. Nxe4 Nxe4 17. Rxe4 Rxe4 18. Bxe4 Nf6 19. Bxc6 Rc8 20. d5 Bd3 21. Qxd3 Rxc6 22. Rd1 Rc5 23. d6 Rd5 24. Qc2 Qd7 25.
Rxd5 Nxd5 26. Be5 Qe6 27. Qe4 Nf6 28. Qf4 Nd5 29. Qd4 g6 30. Ne3 Nxe3 31. fxe3 Qd7 32. Qd5 h5 33. Kg2 a5 34. h3 b5 35. Bf4 Kg7 36.
e4 Kg8 37. e5 Qf5 38. d7 Qc2+ 39.
Bd2 Be7 40. d8=Q+ Bxd8 41. Qxd8+ Kh7 42. Qd5 Kg8 43. Kf2 Qf5+ 44. Kg2 Qc2 45. g4 hxg4 46. hxg4 a4 47. b4 Qb2 48. e6 fxe6 49. Qxe6+ Kg7 50. Qd7+ Kf6 51. Qd3 Ke6 52. Kf3 Kf7 53. Qd5+ Ke8 54. Qd3 Kf7 55. Qc3 Qb1 56. Kf4 Qf1+ 57. Qf3 Qb1 58. Ke5+ Ke8 59. Kd6 1-0

[Event "Late-Titled-Tuesday-Blitz-June-25-2024"]
[Site "Chess.com"]
[Date "2024.06.25"]
[Round "10"]
[White "ninjatrick"]
[Black "Yurovskykh_Oleksandr"]
[Result "1/2-1/2"]
[WhiteElo "2520"]
[BlackElo "2618"]
[TimeControl "180+1"]
[EndTime "15:56:31 PDT"]
[Termination "Game drawn by repetition"]

1. Nf3 d5 2. e3 Nf6 3. b3 Bg4 4.
Be2 e6 5. O-O Bd6 6. Bb2 O-O 7.
d4 Nbd7 8. c4 c6 9. Nc3 Qe7 10.
c5 Bc7 11. b4 a6 12. a4 e5 13. h3 Bh5 14. Re1 e4 15. Nd2 Bxe2 16. Qxe2 Ne8 17. b5 axb5 18. axb5 Rxa1 19. Rxa1 f5 20. bxc6 bxc6 21.
Qa6 Nb8 22. Qe2 Nf6 23. f4 exf3 24. Nxf3 Ne4 25. Nd1 Nd7 26. Ra7 Qd8 27. Qa6 Qc8 28. Qxc8 Rxc8 29. Nc3 Nxc3 30. Bxc3 Nf6 31. Be1 Ne4 32. Ra6 Kf7 33. Kh1 Bb8 34. Kg1 Ke6 35. Kf1 Kd7 36. Ke2 h6 37. Ba5 g5 38. Rb6 Ke6 39.
Rb7 Bg3 40. Rh7 g4 41. Rxh6+ Kf7 42. hxg4 fxg4 43. Nd2 Ra8 44. Nxe4 dxe4 45. Bd2 Rc8 46. Rh5 Kg6 47. Rh1 Rf8 48. Be1 Bc7 49. Rf1 Rxf1 50.
Kxf1 Kf5 51. g3 Ke6 52. Ke2 Kd5 53. Bf2 Kc4 54. Be1 Bb8 55. Bf2 Bc7 56. Kd2 Kb3 57. Ke2 Kc2 58. Be1 Kb3 59. Bf2 Kc4 1/2-1/2

[Event "Late-Titled-Tuesday-Blitz-June-25-2024"]
[Site "Chess.com"]
[Date "2024.06.25"]
[Round "10"]
[White "KNVB"]
[Black "Kielinkei"]
[Result "1-0"]
[WhiteElo "2673"]
[BlackElo "2499"]
[TimeControl "180+1"]
[EndTime "15:56:32 PDT"]
[Termination "KNVB won by resignation"]

1. d4 Nf6 2. Bf4 c5 3. e3 Nd5 4.
Bxb8 Rxb8 5. c3 Qb6 6. Qb3 e6 7. Nf3 Be7 8. Nbd2 O-O 9. Bc4 Nf6 10. Qxb6 axb6 11. O-O d5 12. Bb5 Bd7 13. Bd3 c4 14. Bc2 b5 15. a3 Bc6 16. Ne5 Bd6 17. f4 Bxe5 18. fxe5 Nd7 19. e4 Nb6 20. Rae1 Rbd8 21. Re3 Rd7 22. Ref3 dxe4 23. Bxe4 Na4 24. Rb1 f5 25.
exf6 gxf6 26. Rg3+ Rg7 27. Rxg7+ Kxg7 28. Bc2 Nb6 29. Re1 Re8 30. Kf2 e5 31. dxe5 fxe5 32. Re3 Rf8+ 33. Kg1 Rd8 34. Re2 Nd5 35. g3 Nf6 36.
Nf1 e4 37. Ne3 h5 38. Kf2 Rf8 39. Ke1 Re8 40. Rd2 Kf7 41. Rf2 Kg7 42. Nf5+ Kg6 43. Nd4 Rd8 44. h3 Re8 45. Ke2 Bd5 46. Ke3 Bc6 47.
Rf5 Bd7 48. Rc5 Bxh3 49. Rxb5 Ng4+ 50. Ke2 Kh6 51. Rb6+ Kg7 52. Rxb7+ Kh6 53. Rb6+ Kg7 54. Re6 Rxe6 55. Nxe6+ Kf6 56. Nf4 Kg5 57. Nxh3+ Kf6 58.
Nf2 Ne5 59. Nxe4+ Ke7 60. Nd2 Ng6 61. Nf3 Ne5 62. Nxe5 Kd6 63. Nxc4+ 1-0

[Event "Late-Titled-Tuesday-Blitz-June-25-2024"]
[Site "Chess.com"]
[Date "2024.06.25"]
[Round "10"]
[White "enriquebutti"]
[Black "glucolisis04"]
[Result "1-0"]
[WhiteElo "2194"]
[BlackElo "2276"]
[TimeControl "180+1"]
[EndTime "15:56:32 PDT"]
[Termination "enriquebutti won by resignation"]

1. d4 Nf6 2. Nf3 g6 3. e3 Bg7 4. Bd3 O-O 5. O-O d6 6. c3 Nc6 7.
Nbd2 Nd7 8. e4 e5 9. d5 Ncb8 10. Re1 Nc5 11. Bc2 a5 12. Nf1 f5 13. exf5 gxf5 14. Be3 Ne4 15. Bxe4 fxe4 16. Ng5 Bf5 17. Ng3 Bg6 18. N5xe4 Nd7 19. Qg4 b6 20. h4 Bxe4 21.
Nxe4 Nf6 22. Nxf6+ Qxf6 23. f3 Kh8 24. Qg5 Rg8 25.
Qxf6 Bxf6 26. Bf2 a4 27. a3 Ra5 28. Rad1 Rb5 29. Rd2 Bg7 30. Re4 Bh6 31. Be3 Bxe3+ 32. Rxe3 Ra8 33. Re4 Raa5 34. c4 Rb3 35. f4 exf4 36.
Rxf4 b5 37. Re2 bxc4 38. Rxc4 Rxd5 39. Rxc7 Rd1+ 40. Kh2 Rb8 41. Ra7 Rb1 42. Rxa4 R1xb2 43. Rxb2 Rxb2 44. Rd4 Ra2 45. a4 Kg7 46. Kg3 d5 47. Kf3 Kf6 48. g4 Ke5 49. Rb4 Ra3+ 50. Ke2 d4 51. Rb5+ Ke4 52. g5 Ra2+ 53. Ke1 Ke3 54. Re5+ Kd3 55. Re7 Ra1+ 56. Kf2 Rxa4 57. Rxh7 Kc3 58.
g6 d3 59. Rd7 Rxh4 60. g7 Rg4 61. Kf3 d2 62. Kxg4 1-0

[Event "Late-Titled-Tuesday-Blitz-June-25-2024"]
[Site "Chess.com"]
[Date "2024.06.25"]
[Round "10"]
[White "Bykov_Egor"]
[Black "betta2004"]
[Result "1/2-1/2"]
[WhiteElo "2611"]
[BlackElo "2504"]
[TimeControl "180+1"]
[EndTime "15:56:35 PDT"]
[Termination "Game drawn - insufficient material"]

1. Nf3 g6 2. d4 Bg7 3. e3 d6 4. b3 Nf6 5. Bb2 O-O 6. Be2 b6 7. O-O Bb7 8. c4 Nbd7 9. Nc3 c5 10. d5 a6 11. a4 Ne8 12. Qc2 h6 13. e4 Nc7 14.
Nd1 e5 15. Ne3 Qe7 16. g3 Rae8 17. Nh4 Kh7 18. Rae1 Bc8 19. Bd3 Nf6 20. Nhg2 Bh3 21. f3 Ng8 22. Rf2 Qd7 23. Ree2 Ne7 24. f4 f6 25. Nh4 b5 26. Re1 g5 27. Nhf5 Nxf5 28. exf5 exf4 29. gxf4 Re7 30. fxg5 hxg5 31. Rf3 Bg4 32.
Rg3 Rfe8 33. Qf2 Bh5 34. Rxg5 fxg5 35. f6+ Kg8 36. fxe7 Qxe7 37. Bxg7 Qxg7 38. Nf5 Rxe1+ 39. Qxe1 Qf6 40. Qe7 Qxe7 41. Nxe7+ Kf7 42. Nf5 bxa4 43. Nxd6+ Kf6 44. bxa4 Ke5 45. Ne4 Kd4 46. d6 Ne6 47. Bb1 Bf3 48. Nd2 Bc6 49. Bf5 Nd8 50. Kf2 Bxa4 51.
Nf3+ Kxc4 52. Nxg5 Kd5 53. d7 Kd6 54. Ne4+ Ke7 55. h4 Bc6 56. Nxc5 a5 57. Nb3 a4 58. Nd4 Bxd7 59. Bxd7 Kxd7 60. h5 Nf7 61. Ke3 Ke7 62.
Kd3 Kf6 63. Kc3 a3 64. Kb3 a2 65. Kxa2 Kg5 66. Ne6+ Kxh5 1/2-1/2

[Event "Late-Titled-Tuesday-Blitz-June-25-2024"]
[Site "Chess.com"]
[Date "2024.06.25"]
[Round "10"]
[White "Meri-Arabidze"]
[Black "rdarruda"]
[Result "1/2-1/2"]
[WhiteElo "2710"]
[BlackElo "2585"]
[TimeControl "180+1"]
[EndTime "15:56:37 PDT"]
[Termination "Game drawn by stalemate"]

1. c4 Nf6 2. Nc3 e5 3. Nf3 d6 4. d3 Nc6 5. g3 Be7 6. Bg2 O-O 7. O-O Bf5 8. a3 Qd7 9. b4 Bh3 10. b5 Nd4 11. Nd2 Bxg2 12. Kxg2 c6 13. e3 Ne6 14. Nf3 a6 15. bxc6 bxc6 16. a4 Qc7 17. Ba3 Rfe8 18. a5 Rab8 19. Qc2 d5 20. Bxe7 Rxe7 21.
cxd5 cxd5 22. Rfc1 Qd6 23. Na4 Rc7 24. Qd2 h6 25. Nb6 Rbb7 26. Nh4 Rxc1 27. Rxc1 Rc7 28. Nf5 Qd8 29. Rc3 g6 30. Nh4 Kg7 31. Nf3 e4 32. Nd4 Nxd4 33. exd4 Rxc3 34. Qxc3 Qe7 35. Qd2 Qa3 36.
dxe4 Nxe4 37. Qf4 Qxa5 38. Qe5+ Nf6 39. Nd7 Qd8 40. Nxf6 Qxf6 41. Qxd5 Qe6 42. Qc5 Qe4+ 43. Kg1 Qe1+ 44. Kg2 Qe4+ 45. Kf1 Qb1+ 46. Ke2 Qe4+ 47.
Kd2 Qf3 48. d5 Kf6 49. h4 Ke5 50. d6+ Ke6 51. Qc8+ Kxd6 52. Qxa6+ Qc6 53. Qd3+ Qd5 54. Qxd5+ Kxd5 55. Kd3 Ke5 56. Ke3 h5 57. Kd3 Kf5 58.
Ke3 Kg4 59. Ke4 f5+ 60. Ke5 Kf3 61. Kf6 Kxf2 62. Kxg6 Kxg3 63. Kxf5 Kxh4 64. Kf4 Kh3 65. Kf3 Kh2 66. Kf2 h4 67. Kf1 Kh1 68. Kf2 Kh2 69. Kf1 Kh1 70. Kf2 h3 71. Kf1 h2 72. Kf2 1/2-1/2

[Event "Late-Titled-Tuesday-Blitz-June-25-2024"]
[Site "Chess.com"]
[Date "2024.06.25"]
[Round "10"]
[White "mostafa_sakha"]
[Black "GoValya"]
[Result "1/2-1/2"]
[WhiteElo "2421"]
[BlackElo "2242"]
[TimeControl "180+1"]
[EndTime "15:56:38 PDT"]
[Termination "Game drawn by stalemate"]

1. d4 g6 2. e4 c5 3. d5 Bg7 4.
Nf3 d6 5. Nc3 Bg4 6. Be2 a6 7.
a4 Nf6 8. O-O Nbd7 9. Nd2 Bxe2 10.
Qxe2 e6 11. dxe6 fxe6 12. Nc4 Nb6 13. Nxd6+ Qxd6 14. e5 Qe7 15. exf6 Bxf6 16. Re1 O-O 17. Qxe6+ Qxe6 18. Rxe6 Nc4 19. Bh6 Rf7 20. Ne4 Bxb2 21. Rd1 Rc8 22. c3 b5 23. axb5 axb5 24. Nxc5 Bxc3 25. Rc6 Re8 26. Ne6 Rfe7 27. g4 Rxe6 28. Rxe6 Rxe6 29. Rd8+ Kf7 30. Rf8+ Ke7 31. Rb8 Rb6 32.
Rc8 Be5 33. Kg2 Kd7 34. Rc5 Bd4 35. Rd5+ Rd6 36. Rxb5 Ke6 37. f4 Ne3+ 38. Kf3 Nd5 39.
Rb7 Ne7 40. Bg5 Bf6 41. h4 Bxg5 42. hxg5 Ra6 43. Rb3 Ra4 44. Re3+ Kf7 45. Kg3 Nd5 46. Rf3 Ke6 47. f5+ gxf5 48. gxf5+ Kf7 49. Rd3 Ne7 50.
Rd7 Ra5 51. f6 Rxg5+ 52. Kh4 Kxf6 53. Rxe7 Kxe7 54. Kxg5 Kf7 55. Kh6 Kg8 56. Kh5 Kg7 57. Kh4 h6 58. Kh3 Kg6 59. Kh4 h5 60. Kh3 Kg5 61. Kh2 h4 62. Kh3 Kh5 63. Kh2 Kg4 64. Kh1 h3 65. Kh2 Kh4 66. Kh1 Kg3 67. Kg1 h2+ 68. Kh1 Kh3 1/2-1/2

[Event "Late-Titled-Tuesday-Blitz-June-25-2024"]
[Site "Chess.com"]
[Date "2024.06.25"]
[Round "10"]
[White "fin"]
[Black "CrimeFightingSpider07"]
[Result "1-0"]
[WhiteElo "2719"]
[BlackElo "2552"]
[TimeControl "180+1"]
[EndTime "15:56:40 PDT"]
[Termination "fin won by checkmate"]

1. e4 e5 2. Nf3 Nf6 3. Nxe5 d6 4.
Nf3 Nxe4 5. Nc3 Nxc3 6. dxc3 Be7 7. Bf4 O-O 8. Qd2 Nc6 9. O-O-O Bf5 10. h3 Re8 11. g4 Be4 12. Bg2 Bf6 13. Rhe1 Bxf3 14.
Bxf3 Qc8 15. Bd5 Be5 16. Be3 g6 17. f4 Bg7 18. f5 Ne7 19. Bb3 d5 20. Rf1 gxf5 21. gxf5 Nxf5 22. Bf4 c6 23. Rg1 Kh8 24. c4 d4 25. c5 Qd7 26. Bc4 Qe7 27. Bd3 Ne3 28.
Rde1 Qxc5 29. Qf2 Qh5 30. Rg5 Qxh3 31. Reg1 Bf6 32. R5g3 Qh4 33. Qf3 Rg8 34. Rxg8+ Rxg8 35. Rh1 Qxh1+ 36. Qxh1 Rg7 37. b3 Kg8 38. Qe4 Kh8 39. Qe8+ Rg8 40. Qxf7 Bg7 41. Be5 Nd5 42. Bxd4 Nb6 43.
Qxb7 Nd5 44. Qxa7 Nf4 45. Bxg7+ Rxg7 46. Qb8+ Rg8 47. Qxf4 Rg7 48. a4 Kg8 49. a5 Re7 50. Bc4+ Kg7 51. Qg5+ Kf8 52. Qf6+ Ke8 53. Qxc6+ Kd8 54.
a6 Rc7 55. Qb6 Kd7 56. a7 Rxa7 57. Qxa7+ Kd6 58. Qe3 Kc6 59. Qh6+ Kc5 60. Qxh7 Kb4 61. Qe7+ Kc3 62. Qe1+ Kd4 63. Kb2 Kc5 64. Kc3 Kb6 65.
Qe6+ Kc5 66. b4# 1-0

[Event "Late-Titled-Tuesday-Blitz-June-25-2024"]
[Site "Chess.com"]
[Date "2024.06.25"]
[Round "10"]
[White "esskeettit"]
[Black "anasta10"]
[Result "0-1"]
[WhiteElo "2493"]
[BlackElo "2638"]
[TimeControl "180+1"]
[EndTime "15:56:49 PDT"]
[Termination "anasta10 won on time"]

1. d4 Nf6 2. Nf3 g6 3. c4 Bg7 4.
Nc3 c5 5. d5 O-O 6. e4 e6 7.
Bd3 exd5 8. exd5 Re8+ 9. Be3 Ng4 10. O-O Nxe3 11. fxe3 d6 12. e4 Nd7 13. Kh1 Ne5 14.
Nxe5 Bxe5 15. Qf3 Qe7 16. Rab1 Bd7 17. Nd1 a6 18. Ne3 b5 19. b3 h5 20. Nc2 Reb8 21.
Rf2 Rb7 22. Rbf1 Bg4 23. Qe3 bxc4 24. Bxc4 a5 25. h3 Bc8 26. Qh6 Bg7 27. Qf4 Qe5 28. Qh4 Qe7 29. Qf4 a4 30. Ne3 Bd4 31. Re2 Qe5 32. Qh4 Qe7 33. Qf4 Bd7 34. Nc2 Be5 35. Qd2 axb3 36. Bxb3 Bb5 37. Ne3 Bxe2 38. Qxe2 Qg5 39.
Nc4 Qg3 40. Nxe5 Qxe5 41. Qf3 Re7 42. Re1 Raa7 43. Qd3 Kg7 44. Qb5 Qc3 45. Qf1 Rac7 46. Rc1 Qd4 47. Bc2 c4 48. a4 Qc5 49. Ra1 Ra7 50.
Qf3 c3 51. Rb1 Qd4 52. Rd1 Qe5 53. Rb1 Rec7 54. Rd1 Rcb7 55. Rd3 Rc7 56. Re3 Rab7 57. Rd3 Rb2 58. Qe2 Ra2 59. Re3 Rb7 60. Qd3 Rbb2 61.
Re2 Ra1+ 62. Bd1 Rbb1 63. Re1 c2 64. Qxc2 Rc1 65. Qd2 Rab1 66. Rf1 Qg3 0-1

[Event "Late-Titled-Tuesday-Blitz-June-25-2024"]
[Site "Chess.com"]
[Date "2024.06.25"]
[Round "10"]
[White "Alexander_Khlebovich"]
[Black "Denmark2015"]
[Result "1/2-1/2"]
[WhiteElo "2814"]
[BlackElo "2633"]
[TimeControl "180+1"]
[EndTime "15:56:55 PDT"]
[Termination "Game drawn by stalemate"]

1. d4 e6 2. c4 f5 3. Nf3 Nf6 4. g3 Be7 5. Bg2 d5 6. O-O Ne4 7. Qc2 Nc6 8. Nc3 Bf6 9. Rd1 a5 10. Bf4 Nb4 11. Qc1 c6 12. a3 Na6 13.
b4 O-O 14. b5 Nb8 15. a4 Nd7 16. Rb1 Nxc3 17. Qxc3 Nc5 18. Be5 Ne4 19. Qc2 Be7 20.
bxc6 bxc6 21. cxd5 cxd5 22. Rdc1 Bd7 23. Bc7 Qe8 24. Ne5 Bb4 25. Nxd7 Qxd7 26. Bxe4 fxe4 27. Qc6 Qxc6 28. Rxc6 Rfc8 29. Rbc1 Kf7 30. Bb6 Rxc6 31. Rxc6 Rb8 32. e3 Rb7 33. Kf1 Ke7 34. Bc5+ Bxc5 35.
Rxc5 Ra7 36. Rb5 Kd7 37. Kg2 Kd6 38. g4 e5 39. dxe5+ Kxe5 40. h4 Kd6 41. Kg3 Ke5 42. g5 g6 43. Kg2 Kd6 44. f3 exf3+ 45. Kxf3 Rf7+ 46. Ke2 Ra7 47. Kd3 Rc7 48. Rxa5 Rc4 49. h5 gxh5 50. Ra6+ Ke5 51. Rh6 Rxa4 52. Rxh5 Ra3+ 53.
Ke2 Kf5 54. Rxh7 Kxg5 55. Rf7 Rb3 56. Rf4 Ra3 57. Kf2 Rb3 58. Rf8 d4 59. exd4 Rd3 60.
Rd8 Kf5 61. Ke2 Rh3 62. Re8 Kf6 63. Kd2 Kf7 64. Re5 Kf6 65. Re4 Kf5 66. Re2 Ra3 67.
Re8 Rh3 68. d5 Kf6 69. Re6+ Kf7 70. Re5 Kf6 71. Re6+ Kf7 72. Re5 Kf6 73. Re4 Rh5 74. Rd4 Ke7 75. Kc3 Kd6 76. Kc4 Rh1 77. Rd3 Rc1+ 78.
Kd4 Rc5 79. Ke4 Rc4+ 80. Rd4 Rxd4+ 81. Kxd4 Kd7 82. Kc5 Kc7 83. d6+ Kd7 84. Kd5 Kd8 85.
Kd4 Kd7 86. Ke5 Kd8 87. Kd5 Kd7 88. Kc5 Kd8 89. Kc6 Kc8 90. d7+ Kd8 91. Kd6 1/2-1/2

[Event "Late-Titled-Tuesday-Blitz-June-25-2024"]
[Site "Chess.com"]
[Date "2024.06.25"]
[Round "10"]
[White "campochess"]
[Black "mouseslips_are_the_best"]
[Result "1-0"]
[WhiteElo "2255"]
[BlackElo "2354"]
[TimeControl "180+1"]
[EndTime "15:56:55 PDT"]
[Termination "campochess won by resignation"]

1. d4 Nf6 2. Bg5 c5 3. d5 d6 4.
Nc3 h6 5. Bxf6 exf6 6. g3 g6 7.
Bg2 Bg7 8. Nf3 f5 9. h4 b5 10.
Qd2 b4 11. Nd1 Nd7 12. a3 Rb8 13. axb4 Rxb4 14. Rxa7 Qb6 15. Qe3+ Ne5 16. Nxe5 Bxe5 17. Ra8 O-O 18. Qxh6 Bxb2 19. h5 Bg7 20. Qg5 Rb1 21. O-O gxh5 22. Ne3 Rxf1+ 23. Bxf1 Qb2 24. Bh3 Qf6 25.
Qxh5 Qg6 26. Qf3 f4 27. Rxc8 Rxc8 28. Bxc8 fxe3 29. Qxe3 Qxc2 30. g4 c4 31. Qe8+ Bf8 32. Bf5 Qc1+ 33. Kg2 c3 34. Qc8 Qd2 35. e3 Qxd5+ 36.
Kg3 Qe5+ 37. Kg2 d5 38. Qc6 Kg7 39. Kg1 Bd6 40. Kf1 d4 41. Qf3 dxe3 42. Qxe3 Qxe3 43. fxe3 Kf6 44. Ke2 Kg5 45. Kd3 Be5 46. Bd7 f6 47. Bf5 Kh4 48. Bd7 Kg3 49. Bf5 Kf2 50. Be6 Ke1 51.
Bb3 Kf2 52. Bc4 Ke1 53. Bb3 Kf2 54. Bc4 Kf3 55. Be6 Kg3 56. Bd7 Kf3 57. Be6 Kg3 58.
Bd7 Kh4 59. Be6 Kg5 60. Bd7 Kg6 61. Bf5+ Kg7 62. Be6 Kf8 63. Bb3 Ke7 64. Ke4 Kd6 65. Kf5 Bg3 66. Kxf6 Kc5 67. g5 Bf2 68. e4 Bd4+ 69. Kf7 Kb4 70. Bc2 Ka3 71. g6 Kb2 72. Ba4 c2 73. Bxc2 Kxc2 74. g7 Bxg7 75. Kxg7 Kd3 76.
e5 Kd4 77. e6 Ke5 78. e7 Kd6 79. e8=Q Kc7 80. Qe6 Kd8 81. Kf6 Kc7 82. Ke5 Kd8 83. Qf7 1-0

[Event "Late-Titled-Tuesday-Blitz-June-25-2024"]
[Site "Chess.com"]
[Date "2024.06.25"]
[Round "10"]
[White "bubeliang"]
[Black "igorkovalenko"]
[Result "1/2-1/2"]
[WhiteElo "2797"]
[BlackElo "2986"]
[TimeControl "180+1"]
[EndTime "15:56:57 PDT"]
[Termination "Game drawn - insufficient material"]

1. e4 d5 2. Nc3 dxe4 3. Nxe4 Nc6 4. Nf3 Nf6 5. Nxf6+ exf6 6. d4 Bd6 7. Bd3 O-O 8.
O-O Bg4 9. c3 Qd7 10. Re1 Rfe8 11. Be3 Ne7 12. h3 Bh5 13. Ne5 Bxd1 14. Nxd7 Ba4 15.
Nc5 Bxc5 16. dxc5 Rad8 17. Be4 Bc6 18. Bxc6 Nxc6 19. Bf4 Ne5 20. Rad1 Kf8 21. Kf1 Rxd1 22. Rxd1 Ke7 23. Re1 Kd7 24. b4 Re6 25. Rd1+ Kc8 26. Bxe5 fxe5 27. Ke2 Ra6 28. Rd2 Rg6 29. g3 h5 30. Rd5 Re6 31. Ke3 c6 32. Rd2 g6 33.
g4 hxg4 34. hxg4 Rf6 35. f3 Rf4 36. Rh2 Kc7 37. Rh7 b6 38. cxb6+ Kxb6 39. Rh8 a5 40. a3 axb4 41. axb4 g5 42. Rb8+ Kc7 43. Rf8 f6 44. c4 Kd6 45. b5 cxb5 46. cxb5 Kc5 47.
Rb8 Rb4 48. Rf8 Rf4 49. Rb8 Kb4 50. b6 Kb5 51. Ke2 Ka6 52. Ke3 Kb5 53. Ke2 Kc6 54. Ke3 Kc5 55. Ke2 e4 56. fxe4 Rxg4 57. Kf3 Rf4+ 58.
Ke3 Kb5 59. Kd3 Rf3+ 60. Ke2 Rf4 61. Ke3 f5 62. exf5 Rxf5 63. b7 Kb6 64. Ke4 Rb5 65.
Rg8 Kxb7 66. Kf3 Kc6 67. Kg4 Kd6 68. Rxg5 Rxg5+ 69. Kxg5 1/2-1/2

[Event "Late-Titled-Tuesday-Blitz-June-25-2024"]
[Site "Chess.com"]
[Date "2024.06.25"]
[Round "10"]
[White "ErikRonka"]
[Black "WilsonPalencia21"]
[Result "0-1"]
[WhiteElo "2495"]
[BlackElo "2617"]
[TimeControl "180+1"]
[EndTime "15:56:57 PDT"]
[Termination "WilsonPalencia21 won by resignation"]

1. d4 c5 2. e4 cxd4 3. Nf3 d6 4.
Nxd4 Nf6 5. Nc3 g6 6. Be3 Bg7 7.
f3 O-O 8. Qd2 Nc6 9. Bc4 Ne5 10.
Bb3 Bd7 11. O-O-O Rc8 12. Kb1 Re8 13. h4 h5 14. g4 hxg4 15. h5 Nxh5 16. Bh6 Bf6 17. Rdg1 Qa5 18. f4 Nc4 19. Bxc4 Rxc4 20. Nb3 Qd8 21. f5 Rxc3 22. bxc3 e6 23. fxg6 fxg6 24. Rxg4 Kh7 25. Bg5 e5 26. Bxf6 Qxf6 27. Rgg1 Bc6 28. Qe2 Qf7 29. Nd2 Rf8 30. Rf1 Qe8 31.
Rfg1 Qf7 32. Rg2 Kh6 33. Rgh2 Be8 34. Rh3 Rh8 35. Qe3+ Kg7 36. Qxa7 Rf8 37. Qe3 Bc6 38. Rg1 Kf6 39. Qg5+ Ke6 40. Qxg6+ Qxg6 41. Rxg6+ Nf6 42.
Rhh6 Be8 43. Rg7 Rf7 44. Rxf7 Bxf7 45. Kb2 Ke7 46. Rh1 Be8 47. Re1 Bc6 48. c4 Ke6 49. Kc3 Nd7 50. Rg1 Nc5 51. Rg6+ Kd7 52. Rg4 Ke6 53. Rh4 Kf6 54. Kb4 Ke6 55. Kc3 Kf6 56.
Rh6+ Ke7 57. Rh7+ Ke6 58. Rh6+ Kd7 59. Rh4 Ke6 60. Nb3 Nxe4+ 61. Kb4 Nf6 62. c5 d5 63.
Na5 d4 64. Nxc6 bxc6 65. a4 Nd5+ 66. Kc4 Ne3+ 67. Kd3 Kd5 68. Rh3 Nf5 69. Rh5 Ne3 70. c4+ Nxc4 71. Kc2 Kxc5 72. Kb3 Kd5 73. Rh8 Na5+ 74.
Kc2 Nb7 75. Rd8+ Nxd8 76. Kd3 Nb7 77. Kc2 Na5 0-1